 Dungeon Crawl Stone Soup version 0.26-a0-438-g4b1dca4f87 (webtiles) character file.

Game seed: 1442422672794125301

10552 Ge0ff the Basher (level 11, -6/87 HPs)
             Began as a Human Berserker on July 26, 2020.
             Was a High Priest of Trog.
             Mangled by a white ugly thing (26 damage)
             ... in an ice cave.
             The game lasted 00:28:53 (14954 turns).

Ge0ff the Basher (Human Berserker)                 Turns: 14954, Time: 00:28:54

Health: -6/87      AC: 17    Str: 20    XL:     11   Next: 95%
Magic:  11/11      EV:  7    Int:  7    God:    Trog [*****.]
Gold:   598        SH:  0    Dex: 14    Spells: 10/10 levels left

rFire    . . .     SeeInvis .   a - +1 long sword (elec)
rCold    . . .     Faith    .   (no shield)
rNeg     . . .     Spirit   .   B - +0 plate armour
rPois    +         Reflect  .   y - +0 helmet
rElec    .         Harm     .   Q - +1 cloak
rCorr    .                      (no gloves)
MR       +....                  G - +1 pair of boots
Stlth    ..........             (no amulet)
HPRegen  0.24/turn              K - ring of poison resistance
MPRegen  0.12/turn              O - ring of protection from magic {=R}

@: hasted, very quick
A: no striking features
a: Berserk, Trog's Hand, Brothers in Arms, Renounce Religion


You were in an ice cave.
You worshipped Trog.
Trog was extremely pleased with you.
You visited 2 branches of the dungeon, and saw 13 of its levels.
You also visited: Sewer, Ossuary and Ice Cave.

You collected 598 gold pieces.

Inventory:

Hand Weapons
 a - a +1 long sword of electrocution (weapon)
 v - a +2 dagger of electrocution
 w - a +1 dagger of holy wrath
 D - a +9 antimagic great mace
 S - a +0 dagger of freezing
 U - a +3 antimagic hand axe
Missiles
 g - 2 throwing nets {=f}
 R - 244 stones (quivered)
Armour
 y - a +0 helmet (worn)
 A - +0 acid dragon scales
 B - a +0 plate armour (worn)
 G - a +1 pair of boots (worn)
 Q - a +1 cloak (worn)
Jewellery
 E - an uncursed ring of positive energy
 I - an uncursed ring of resist corrosion
 K - a ring of poison resistance (left hand)
 O - a ring of protection from magic (right hand) {=R}
 Y - an uncursed ring of magical power
Wands
 d - a wand of digging (6)
 f - a wand of flame (22)
 j - a wand of acid (10)
 p - a wand of paralysis (18)
 x - a wand of random effects (13)
 P - a wand of polymorph (9)
Scrolls
 m - a scroll of magic mapping
 C - a scroll of remove curse
 F - 2 scrolls of fog
 J - 4 scrolls of enchant weapon
 T - 15 scrolls of teleportation
 V - a scroll of vulnerability
Potions
 o - a potion of ambrosia
 q - 5 potions of curing
 u - 4 potions of mutation
 z - a potion of invisibility {unknown}
 H - 2 potions of haste {!q}
 L - 3 potions of lignification
 M - 3 potions of might
 N - a potion of cancellation {!q}
 W - 2 potions of heal wounds {!q}
 X - 2 potions of flight
 Z - a potion of berserk rage {!q}


   Skills:
 + Level 8.7 Fighting
 * Level 10.7 Long Blades
 * Level 10.8 Maces & Flails
 - Level 5.0 Armour
 - Level 2.0 Dodging
 - Level 2.0 Stealth
 - Level 3.0 Evocations


You had 10 spell levels left.
You didn't know any spells.
Your spell library was empty.

Dungeon Overview and Level Annotations

Branches:
Dungeon (12/15)            Temple (1/1) D:7            Lair (0/6) D:11
    Orc (0/2) D:10          Sewer (visited)         Ossuary (visited)
  IceCv (1/1)

Altars:
Dithmenos
Elyvilon
Fedhas
Gozag
Kikubaaqudgha
Nemelex Xobeh
Okawaru
Sif Muna
Trog
Uskayaw
Vehumet
Wu Jian
Xom
Zin
The Shining One

Shops:
D:4 :   D:6 (   D:10 *

Annotations:
D:3 1 runed translucent door IceCv exclusion: 2 ice statues


Message History

The shard of ice hits you!!
You are engulfed in freezing vapours.
* * * LOW HITPOINT WARNING * * *
The ice statue gestures.
Your ogre is engulfed in freezing vapours.
Your ogre misses the white ugly thing.
The white ugly thing is engulfed in freezing vapours.
The ice statue glitters chillingly in the dim dungeon light.
Your ogre is engulfed in freezing vapours.
The white ugly thing is engulfed in freezing vapours.
Okay, then.
Unknown command.
Really quaff
H - 3 potions of haste {!q}?
You feel yourself speed up.
Your ogre is engulfed in freezing vapours.
The ice statue gestures.
The white ugly thing claws you.
* * * LOW HITPOINT WARNING * * *
The white ugly thing freezes you!!
You die...

#######
##.....##
##.@.∩...##
##..uO°○...##
#....○°○....#
#...○°○○....#
#...Y.......#
#.............#
#....8...8Y...#
#......|......#
##....!.(....##


You could see 2 ice statues, a white ugly thing, 2 ice beasts and a friendly
ogre (summoned, berserk).

Vanquished Creatures
  A two-headed ogre (D:9)
  3 unseen horrors
  A deep elf mage (D:12)
  2 ugly things
  9 yaks (D:12)
  4 wargs (D:10)
  An acid dragon (D:9)
  5 ice beasts
  A black bear (D:10)
  3 orc warriors
  A phantom (D:5)
  A sky beast (D:9)
  5 ogres
  2 centaurs
  8 big kobolds (Sewer)
  2 elf zombies (Ossuary)
  9 bullfrogs
  A gnoll sergeant (D:7)
  10 killer bees (D:7)
  2 howler monkeys
  2 bullfrog zombies
  A quasit (D:10)
  2 hounds
  2 centaur zombies
  A centaur skeleton (D:9)
  8 orc priests
  2 bullfrog skeletons
  Jessica (D:5)
  Ijyb (D:3)
  Terence (D:1)
  5 orc wizards
  2 iguanas (D:10)
  7 worker ants
  A big kobold zombie (Ossuary)
  3 mummies
  A worker ant zombie (D:7)
  8 gnolls
  16 adders
  7 river rats
  2 shadow imps
  4 white imps
  4 ufetubi
  5 oozes
  6 adder skeletons
  An adder zombie (Ossuary)
  10 worms
  3 dart slugs
  5 leopard geckos
  29 orcs
  3 giant cockroaches (D:3)
  8 hobgoblins
  7 jackals
  2 quokkas
  3 ball pythons
  6 bats
  A frilled lizard (D:2)
  8 goblins
  A goblin zombie (Ossuary)
  9 hobgoblin zombies (Ossuary)
  A jackal skeleton (D:4)
  2 jackal zombies (Ossuary)
  11 kobolds
  11 kobold zombies (Ossuary)
  A leopard gecko zombie (D:6)
  8 orc zombies (Ossuary)
  9 rats
  A rat zombie (Ossuary)
303 creatures vanquished.

Vanquished Creatures (collateral kills)
  A troll (D:9)
  3 ice beasts (IceCv)
  A hound zombie (D:9)
5 creatures vanquished.

Vanquished Creatures (others)
  A worker ant (D:7)
  5 fungi (D:11)
6 creatures vanquished.

Grand Total: 314 creatures vanquished

Notes
Turn   | Place    | Note
-------+----------+-------------------------------------------
     0 | D:1      | Ge0ff the Human Berserker began the quest for the Orb.
     0 | D:1      | Reached XP level 1. HP: 18/18 MP: 1/1
   303 | D:1      | Reached XP level 2. HP: 21/24 MP: 2/2
   410 | D:1      | Reached skill level 1 in Stealth
   570 | D:2      | Noticed Terence
   576 | D:2      | Reached XP level 3. HP: 29/29 MP: 3/3
   716 | D:1      | Killed Terence
   716 | D:1      | Reached XP level 4. HP: 34/35 MP: 0/4
   890 | D:2      | Found a radiant altar of Vehumet.
   958 | D:2      | Reached ** piety under Trog
  1404 | D:2      | Reached XP level 5. HP: 29/41 MP: 5/5
  1568 | D:2      | Reached skill level 5 in Long Blades
  1897 | D:3      | Found an opulent altar of Gozag.
  2120 | D:3      | Reached XP level 6. HP: 33/47 MP: 6/6
  2223 | D:3      | HP: 1/47 [river rat (7)]
  2261 | D:3      | Found a glowing drain.
  2266 | Sewer    | Entered a sewer
  2617 | Sewer    | Reached *** piety under Trog
  2680 | Sewer    | Reached XP level 7. HP: 48/52 MP: 7/7
  3161 | Sewer    | Reached skill level 1 in Maces & Flails
  3161 | Sewer    | Reached XP level 8. HP: 49/60 MP: 8/8
  3734 | D:3      | Found an ornate altar of the Wu Jian Council.
  3885 | D:3      | Noticed Ijyb
  3903 | D:3      | Killed Ijyb
  4094 | D:3      | Found a glowing golden altar of the Shining One.
  4095 | D:3      | Found a runed translucent door.
  4095 | D:3      | Noticed an angel
  4478 | D:4      | Found Qifoilloe's Book Boutique.
  4498 | D:4      | Reached **** piety under Trog
  4776 | D:5      | Entered Level 5 of the Dungeon
  4830 | D:5      | Found a sand-covered staircase.
  4931 | Ossuary  | Entered an ossuary
  5212 | Ossuary  | Reached skill level 5 in Fighting
  5739 | D:5      | Found a shadowy altar of Dithmenos.
  6018 | D:5      | Reached skill level 5 in Maces & Flails
  6018 | D:5      | Reached XP level 9. HP: 52/68 MP: 9/9
  6240 | D:5      | Noticed Jessica
  6252 | D:5      | Killed Jessica
  6385 | D:5      | Found a shimmering blue altar of Sif Muna.
  6466 | D:5      | Found an ancient bone altar of Kikubaaqudgha.
  6737 | D:6      | Reached ***** piety under Trog
  6741 | D:6      | Found Beagiets's Weapon Shoppe.
  6831 | D:6      | Found a sparkling altar of Nemelex Xobeh.
  7323 | D:7      | Found a staircase to the Ecumenical Temple.
  7334 | D:7      | Reached skill level 1 in Evocations
  7575 | Temple   | Entered the Ecumenical Temple
  8681 | D:7      | Received a gift from Trog
  8688 | D:7      | Reached XP level 10. HP: 51/77 MP: 10/10
  9300 | D:8      | Found a bloodstained altar of Trog.
  9386 | D:8      | Found an iron altar of Okawaru.
 10140 | D:8      | Found a shimmering altar of Xom.
 10141 | D:8      | Found a glowing silver altar of Zin.
 10141 | D:8      | Noticed an angel
 10289 | D:8      | Found a hide-covered altar of Uskayaw.
 11299 | D:9      | Noticed a two-headed ogre
 11310 | D:9      | Killed a two-headed ogre
 11738 | D:9      | Killed an unseen horror
 11923 | D:9      | Noticed a brown ugly thing
 11941 | D:9      | Killed a brown ugly thing
 12177 | D:9      | Reached XP level 11. HP: 68/85 MP: 11/11
 12690 | D:9      | Found a white marble altar of Elyvilon.
 12885 | D:9      | Found a blossoming altar of Fedhas.
 12966 | D:10     | Entered Level 10 of the Dungeon
 13059 | D:10     | Found a staircase to the Orcish Mines.
 13518 | D:10     | Found Eteam's General Store.
 13624 | D:10     | You fall into a shaft and drop 2 floors!
 13659 | D:12     | Reached skill level 5 in Armour
 13670 | D:12     | Reached skill level 10 in Maces & Flails
 13676 | D:12     | Reached skill level 10 in Long Blades
 13796 | D:12     | Killed an unseen horror
 14099 | D:12     | Killed an unseen horror
 14191 | D:12     | Noticed a deep elf mage
 14211 | D:12     | Killed a deep elf mage
 14738 | D:11     | Found a frozen archway.
 14893 | IceCv    | Entered an ice cave
 14893 | IceCv    | Noticed a white ugly thing
 14906 | IceCv    | Killed a white ugly thing
 14916 | IceCv    | Found a transporter.
 14922 | IceCv    | Got an encrusted quarterstaff
 14950 | IceCv    | Noticed a white ugly thing
 14954 | IceCv    | Mangled by a white ugly thing

Illustrated notes

Levels and vault maps discovered:
D:1:      dpeg_arrival_three_same_balls, layout_basic
D:2:      layout_rooms, old_standard_altar, minmay_small_reverse_x, uniq_terence
D:3:      layout_rooms, nicolae_overflow_crystal_walls,
          nicolae_gozag_cash_rules_everything_around_me,
          lightli_sewer_entry_pipes, lemuel_angel_altar, uniq_ijyb
D:4:      layout_rooms, serial_shops, shop
D:5:      minmay_evil_eye, layout_cave_pools, kiku_gazebo_pond_becter, tgw_sif,
          gup_ossuary_entry_pyramid, nicolae_dithmenos_the_darkroom
D:6:      layout_gridville, lemuel_coloured_pillars_altar, serial_shops,
          nicolae_shop_competitors_out_of_business
D:7:      layout_loops_cross, minmay_temple_entry_glass, lemuel_flame_loot_1
D:8:      layout_layer_cave, grunt_temple_overflow_order_and_chaos_1,
          kennysheep_little_box, lemuel_doored_altar, kennysheep_mini_moat
D:9:      layout_basic, elyvilon_altar_3, fedhas_altar_fruit_tree
D:10:     layout_irregular_city, minmay_orc_entry_guard_dogs, serial_shops,
          shop, kb_lookout_dungeons_type
D:11:     layout_loops_ring, grunt_lair_entry_orc_guard_hut,
          portal_ice_cave_entry_pillars_2, minmay_misc_feat_ornament, uniq_grum
D:12:     layout_roguey, chequers_serial_rivers_micro_d, glass_columns_b
Temple:   zaba_magenta_temple
IceCv:    ice_cave_statue_garden_transporter

Skill      XL: |  1  2  3  4  5  6  7  8  9 10 11 |
---------------+----------------------------------+-----
Stealth        | 1 2 |  2.0
Long Blades    | 4 5 7 8 9 10 | 10.7
Fighting       | 4 5 6 7 8 |  8.7
Maces & Flails | 1 5 7 9 10 | 10.8
Armour         | 3 4 5 |  5.0
Evocations     | 2 3 |  3.0
Dodging        | |  2.0

Action                   |  1- 3 |  4- 6 |  7- 9 | 10-12 || total
-------------------------+-------+-------+-------+-------++-------
Melee: Falchion          |    36 |   274 |   502 |    40 ||   852
       Dagger            |       |       |   173 |   373 ||   546
       Great mace        |       |       |       |     2 ||     2
       Long sword        |       |       |       |    58 ||    58
Throw: Stone             |    11 |    58 |   148 |    62 ||   279
Invok: Berserk           |     2 |     2 |    10 |     9 ||    23
       Brothers in Arms  |       |       |       |     3 ||     3
Evoke: Wand              |       |       |       |     6 ||     6
  Use: Scroll            |     1 |     2 |    12 |     6 ||    21
       Potion            |       |     3 |       |     1 ||     4
Armor: Animal skin       |     4 |       |       |       ||     4
       Scale mail        |       |   141 |   255 |     6 ||   402
       Plate armour      |       |       |       |   264 ||   264
Dodge: Dodged            |    18 |   155 |   286 |   121 ||   580
       Rpst.: Falchion   |     4 |    46 |    67 |     3 ||   120
       Long sword        |       |       |       |     6 ||     6

Table legend: (Time is in decaauts)
 A = Elapsed time spent in this place.
 B = Non-inter-level travel time spent in this place.
 C = Inter-level travel time spent in this place.
 D = Time resting spent in this place.
 E = Time spent auto-exploring this place.
 F = Levels seen in this place.
 G = Mean time per level.
                   A        B        C        D        E       F      G
               +--------+--------+--------+--------+--------+-----+--------+
         Total |  15159 |  14750 |    409 |   1180 |  10065 |  16 |  947.4 |
       Dungeon |  12825 |  12416 |    409 |   1122 |   8506 |  12 | 1068.8 |
        Temple |      1 |      1 |      0 |      0 |      0 |   1 |    1.0 |
         Sewer |   1568 |   1568 |      0 |     44 |   1149 |   1 | 1568.0 |
       Ossuary |    701 |    701 |      0 |      5 |    389 |   1 |  701.0 |
      Ice Cave |     61 |     61 |      0 |      8 |     21 |   1 |   61.0 |
               +--------+--------+--------+--------+--------+-----+--------+

Top non-repeatable levels by time:
     D:7: 2271 daAuts
     D:9: 1930 daAuts
   Sewer: 1568 daAuts
     D:8: 1401 daAuts
     D:5: 1106 daAuts
    D:12: 1067 daAuts
     D:2: 1065 daAuts
     D:3: 1017 daAuts
     D:1: 843 daAuts
     D:6: 739 daAuts
 Ossuary: 701 daAuts
    D:10: 639 daAuts
     D:4: 553 daAuts
    D:11: 189 daAuts
   IceCv: 61 daAuts
